 Dungeon Crawl Stone Soup version 0.17.1-3-g152610e (webtiles) character file.

157 Gargoyl the Skirmisher (level 5, 0/42 HPs)
             Began as a Demonspawn Abyssal Knight on Mar 1, 2016.
             Was a Follower of Lugonu.
             Slain by a gnoll
             ... wielding a +0 spear
              (1 damage)
             ... while paralysed
             ... on level 3 of the Dungeon on Mar 2, 2016.
             The game lasted 00:07:36 (3323 turns).

Gargoyl the Skirmisher (Demonspawn Abyssal Knight)  Turns: 3323, Time: 00:07:36

Health: 0/42       AC:  7    Str: 14    XL:     5   Next: 15%
Magic:  6/6        EV:  2    Int: 13    God:    Lugonu [*.....]
Gold:   235        SH:  0    Dex: 12    Spells: 0 memorised, 4 levels left

rFire  . . .     SeeInvis .     a - +1 hand axe
rCold  . . .     Clarity  .     p - +0 scale mail
rNeg   . . .     SustAt   .     g - +0 shield
rPois  +         Gourm    .     q - +0 helmet
rElec  .         Spirit   .     (no cloak)
rCorr  .         Warding  .     (no gloves)
rMut   .         Stasis   .     (no boots)
MR     .....                    (no amulet)
Stlth  +.........               (no ring)
                                l - ring of poison resistance

@: paralysed, exhausted, slowed, not resistant to hostile enchantments, very
unstealthy
A: nightstalker 1, powered by death 1
a: Depart the Abyss, Renounce Religion


You were on level 3 of the Dungeon.
You worshipped Lugonu.
Lugonu was aware of your devotion.
You were hungry.

You visited 1 branch of the dungeon, and saw 3 of its levels.
You visited the Abyss 1 time.

You collected 235 gold pieces.

Inventory:

Hand Weapons
 a - a +1 hand axe (weapon)
 c - a +0 battleaxe
 e - a +0 flail
Armour
 g - a +0 shield (worn)
 p - a +0 scale mail (worn)
 q - a +0 helmet (worn)
Jewellery
 j - an uncursed amulet of resist mutation
 l - a ring of poison resistance (left hand)
Wands
 i - a wand of heal wounds (5)
Scrolls
 d - a scroll of magic mapping {unknown}
 f - a scroll of identify {unknown}
Potions
 k - a potion of curing
Comestibles
 m - a meat ration
 n - 3 fruits
 o - a beef jerky


   Skills:
 + Level 3.9 Fighting
 + Level 2.3 Axes
 + Level 2.8 Armour
 + Level 1.9 Dodging
 + Level 1.1 Stealth
 + Level 1.2 Shields
 + Level 2.6 Invocations


You had 4 spell levels left.
You didn't know any spells.

Dungeon Overview and Level Annotations

Branches:
Dungeon (3/15)

Altars:


Innate Abilities, Weirdness & Mutations

You are slightly more attuned to the shadows.
You regenerate a little health from kills.


Message History

You pass out from exhaustion.
You feel yourself slow down. The gnoll hits you but does no damage.
The adder bites you.
* * * LOW HITPOINT WARNING * * *
The adder bites you.
* * * LOW HITPOINT WARNING * * *
The gnoll hits you from afar with a spear.
* * * LOW HITPOINT WARNING * * *
The adder bites you but does no damage.
The gnoll hits you from afar with a spear.
* * * LOW HITPOINT WARNING * * *
The adder bites you but does no damage.
All of the chunks of flesh in your inventory have rotted away.
You feel less regenerative.
You are feeling hungry.
The gnoll hits you but does no damage. The adder bites you.
* * * LOW HITPOINT WARNING * * *
The adder bites you but does no damage.
The gnoll hits you from afar with a spear.
You die...

#########...
#.......'.(. ....
#.......#... ...
#......##... #..
#......###.. #..
#......##### #g.##
#......#...(
###.S)#####...........
#...[@..)........#...#
#....#)######..####=..#
..#. #.# #.####..#.. #
#.. #.# #.....# .#.
##.###...#.#
.#.####....[..##.#
....#........#....#
..........>.......
..#...........#...


You could see a gnoll and an adder.

Vanquished Creatures
  6 gnolls (D:3)
  Robin (D:3)
  3 adders
  2 oozes (D:2)
  A worm (D:2)
  4 orcs (D:3)
  2 ball pythons
  4 giant cockroaches
  7 hobgoblins
  5 kobolds
  A quokka (D:2)
  4 bats
  A giant newt (D:1)
  8 goblins
  2 rats
51 creatures vanquished.

Notes
Turn   | Place    | Note
--------------------------------------------------------------
     0 | Abyss:1  | Gargoyl the Demonspawn Abyssal Knight began the quest for the Orb.
     0 | Abyss:1  | Reached XP level 1. HP: 18/18 MP: 2/2
   121 | Abyss:1  | Noticed a starcursed mass
   161 | Abyss:2  | Noticed a frost giant zombie
   166 | Abyss:2  | Noticed a small abomination
   168 | D:1      | Escaped the Abyss
   745 | D:1      | Reached skill level 1 in Dodging
   851 | D:1      | Gained mutation: You are slightly more attuned to the shadows. [demonic ancestry]
   851 | D:1      | Reached XP level 2. HP: 8/24 MP: 1/3
  2059 | D:2      | Reached * piety under Lugonu
  2134 | D:2      | Reached XP level 3. HP: 27/29 MP: 4/4
  2700 | D:3      | Reached XP level 4. HP: 21/36 MP: 5/5
  2759 | D:3      | Reached skill level 1 in Stealth
  3085 | D:3      | Noticed Robin
  3097 | D:3      | Killed Robin
  3115 | D:3      | Reached skill level 1 in Shields
  3310 | D:3      | Gained mutation: You regenerate a little health from kills. [demonic ancestry]
  3310 | D:3      | Reached XP level 5. HP: 14/42 MP: 6/6
  3321 | D:3      | HP: 2/42 [gnoll/spear (2)]
  3323 | D:3      | Slain by a gnoll

Action                   |  1- 3 |  4- 6 || total
-------------------------+-------+-------++-------
Melee: Hand axe          |   119 |    74 ||   193
Invok: Depart the Abyss  |     1 |       ||     1
  Use: Potion            |     3 |     1 ||     4
       Scroll            |       |     1 ||     1
 Stab: Sleeping          |     1 |       ||     1
  Eat: Chunk             |     3 |     1 ||     4
       Bread ration      |     1 |       ||     1
